 Dungeon Crawl Stone Soup version 0.18-a0-1718-g40ea4b6 (webtiles) character file.

154 Ijustatesigmund the Skirmisher (level 5, 0/57 HPs)
             Began as an Ogre Hunter on Apr 8, 2016.
             Succumbed to a kobold's poison
             ... on level 3 of the Dungeon.
             The game lasted 00:06:38 (2785 turns).

Ijustatesigmund the Skirmisher (Ogre Hunter)        Turns: 2785, Time: 00:06:38

Health: 0/57       AC:  3    Str: 22    XL:     5   Next: 36%
Magic:  5/5        EV: 10    Int: 15    God:
Gold:   66         SH:  0    Dex: 11    Spells: 0 memorised, 4 levels left

rFire  . . .     SeeInvis .     l - +5 club
rCold  . . .     Gourm    .     b - +0 robe
rNeg   . . .     Faith    .     (no shield)
rPois  .         Spirit   .     (helmet restricted)
rElec  .         Dismiss  .     (no cloak)
rCorr  .         Reflect  .     (gloves unavailable)
SustAt .         Harm     .     (boots unavailable)
MR     .....                    (no amulet)
Stlth  +.........               (no ring)
                                (no ring)

@: mighty, brilliant, lethally poisoned (0 -> -7), very slightly contaminated,
hasted, very quick, not resistant to hostile enchantments, very unstealthy
A: unfitting armour, tough skin 1
a: no special abilities


You were on level 3 of the Dungeon.
You were not hungry.

You visited 1 branch of the dungeon, and saw 3 of its levels.

You collected 66 gold pieces.

Inventory:

Hand Weapons
 l - a +5 club (weapon)
Missiles
 c - 5 large rocks (quivered)
 d - 2 throwing nets
Armour
 b - a +0 robe (worn)
Scrolls
 a - 3 scrolls of identify
 j - a scroll of remove curse
Potions
 e - a potion of brilliance
Comestibles
 f - 4 bread rations
 g - a beef jerky
 h - 3 meat rations
 m - 3 fruits


   Skills:
 + Level 5.4 Fighting
 + Level 4.3 Maces & Flails
 - Level 4.0 Throwing
 - Level 1.7 Dodging
 - Level 0.7 Stealth


You had 4 spell levels left.
You didn't know any spells.

Dungeon Overview and Level Annotations

Branches:
Dungeon (3/15)

Altars:


Innate Abilities, Weirdness & Mutations

You are too large for most types of armour.
You have tough skin (AC +1).


Message History

You feel sick.
A goblin comes into view.
* * * LOW HITPOINT WARNING * * *
You feel sick.
The goblin shouts!
Items here: ( ))) [[ † You see here 6 poisoned needles.
You sock the goblin!
You kill the goblin!
* * * LOW HITPOINT WARNING * * *
You feel sick.
Read which item? (? for menu, Esc to quit)
As you read the scroll labeled ATOABB EMISEA, it crumbles to dust.
It is a scroll of recharging.
You aren't carrying any rechargeable items.
Read which item? (? for menu, Esc to quit)
As you read the scroll labeled DEACOKKES MUQE, it crumbles to dust.
You hear a loud clanging noise!
It was a scroll of noise.
You die...

#....######
#....# #####....#
#........#
#........#
#........#
#..(.#####
####.###(...##..
..##
......†@(........
....
......##g...##...
..## .....
#)()..# ... ....
#.))..# ## ...
#..#..# ..
...##.##.# .
..... ⌠.#.#
...... .## .
.....# #. .


You could see a goblin.

Vanquished Creatures
  Terence (D:2)
  Ijyb (D:2)
  Robin (D:3)
  3 adders (D:2)
  An ooze (D:1)
  A worm (D:2)
  A giant gecko (D:1)
  2 giant cockroaches (D:1)
  17 goblins
  8 hobgoblins
  8 kobolds
  6 bats
  4 giant newts
  6 rats
60 creatures vanquished.

Notes
Turn   | Place    | Note
--------------------------------------------------------------
     0 | D:1      | Ijustatesigmund the Ogre Hunter began the quest for the Orb.
     0 | D:1      | Reached XP level 1. HP: 22/22 MP: 1/1
    72 | D:1      | Reached skill level 3 in Fighting
   416 | D:1      | Reached skill level 1 in Maces & Flails
   520 | D:1      | Reached XP level 2. HP: 30/31 MP: 2/2
  1157 | D:1      | Reached XP level 3. HP: 39/39 MP: 3/3
  1283 | D:1      | Reached skill level 4 in Fighting
  1695 | D:2      | Reached XP level 4. HP: 19/49 MP: 4/4
  1789 | D:2      | Noticed Ijyb
  1793 | D:2      | Killed Ijyb
  2568 | D:2      | Noticed Terence
  2577 | D:2      | Killed Terence
  2577 | D:2      | Reached skill level 5 in Fighting
  2577 | D:2      | Reached XP level 5. HP: 50/57 MP: 5/5
  2752 | D:3      | Noticed Robin
  2765 | D:3      | Killed Robin
  2780 | D:3      | HP: 2/57 [poisoned by a kobold]
  2785 | D:3      | Succumbed to a kobold's poison

Vault maps used:
D:1:      minmay_arrival_nine_rooms, amethyst_killhole, st_stairs_8,
          hangedman_abyss_or_decor_stabs, supply_closet_lemuel
D:2:      uniq_terence, uniq_iyjb
D:3:      grunt_decor_one_mirror, uniq_robin, uniq_crazy_yiuf_cottage

Skill      XL: |  1  2  3  4 |
---------------+-------------+-----
Fighting       | 3 4 5 |  5.4
Maces & Flails | 1 2 3 4 |  4.3
Throwing       | |  4.0
Dodging        | |  1.7
Stealth        | |  0.7

Action                   |  1- 3 |  4- 6 || total
-------------------------+-------+-------++-------
Melee: Club              |    13 |    56 ||    69
       Whip              |   146 |    11 ||   157
       Short sword       |     3 |       ||     3
Throw: Large rock        |       |     7 ||     7
  Use: Potion            |     1 |     4 ||     5
       Scroll            |       |     6 ||     6
 Stab: Sleeping          |     1 |       ||     1
  Eat: Chunk             |     2 |     4 ||     6
